 Dungeon Crawl Stone Soup version 0.22-a0-346-ga7143740d5 (webtiles) character file.

114 FlowchartMassacre the Chopper (level 4, -4/41 HPs)
             Began as a Gnoll Berserker on Apr 6, 2018.
             Was a Believer of Trog.
             Killed from afar by a white imp (7 damage)
             ... with a puff of frost
             ... summoned by Natasha
             ... on level 2 of the Dungeon.
             The game lasted 00:01:57 (883 turns).

FlowchartMassacre the Chopper (Gnoll Berserker)      Turns: 883, Time: 00:01:58

Health: -4/41      AC:  4    Str: 21    XL:     4   Next: 98%
Magic:  5/5        EV: 15    Int:  9    God:    Trog [**....]
Gold:   110        SH:  0    Dex: 16    Spells: 5/5 levels left

rFire    . . .     SeeInvis +   a - +0 hand axe
rCold    . . .     Gourm    .   (no shield)
rNeg     . . .     Faith    .   b - +0 animal skin
rPois    .         Spirit   .   (no helmet)
rElec    .         Reflect  .   (no cloak)
rCorr    .         Harm     .   (no gloves)
MR       ++...                  (no boots)
Stlth    ++........             (no amulet)
HPRegen  1.13/turn              (no ring)
MPRegen  0.09/turn              (no ring)

@: regenerating, slowed, very slow
A: distributed training, fangs 1, yellow scales 1, see invisible, agile 1,
strong nose
a: Berserk, Trog's Hand, Renounce Religion


You were on level 2 of the Dungeon.
You worshipped Trog.
Trog was pleased with you.
You were not hungry.

You visited 1 branch of the dungeon, and saw 2 of its levels.

You collected 110 gold pieces.

Inventory:

Hand Weapons
 a - a +0 hand axe (weapon)
Armour
 b - a +0 animal skin (worn)
Jewellery
 k - an uncursed ring of stealth {unknown}
Scrolls
 d - a scroll of remove curse {unknown}
 f - a scroll of enchant armour {unknown}
 i - a scroll of immolation {unknown}
 j - a scroll of identify {unknown}
Potions
 l - a potion of invisibility {unknown}
Comestibles
 c - a ration


   Skills:
 + Level 6.6 Fighting
 + Level 1.2 Short Blades
 + Level 1.2 Long Blades
 + Level 6.6 Axes
 + Level 1.2 Maces & Flails
 + Level 1.2 Polearms
 + Level 1.2 Staves
 + Level 1.2 Slings
 + Level 1.2 Bows
 + Level 1.2 Crossbows
 + Level 1.2 Throwing
 + Level 4.7 Armour
 + Level 4.7 Dodging
 + Level 1.2 Stealth
 + Level 1.2 Shields
 + Level 1.2 Unarmed Combat
 + Level 1.2 Spellcasting
 + Level 1.0 Conjurations
 + Level 1.0 Hexes
 + Level 1.0 Charms
 + Level 1.0 Summonings
 + Level 1.0 Necromancy
 + Level 1.0 Translocations
 + Level 1.0 Transmutations
 + Level 1.0 Fire Magic
 + Level 1.0 Ice Magic
 + Level 1.0 Air Magic
 + Level 1.0 Earth Magic
 + Level 1.0 Poison Magic
 + Level 1.4 Invocations
 + Level 1.2 Evocations


You had 5 spell levels left.
You didn't know any spells.

Dungeon Overview and Level Annotations

Branches:
Dungeon (2/15)

Altars:

Annotations:
D:2 Natasha


Innate Abilities, Weirdness & Mutations

Your experience applies equally to all skills.
You have very sharp teeth.
Your uncanny sense of smell can sniff out nearby items.
You are partially covered in yellow scales. (AC +2)
You have supernaturally acute eyesight. (SInv)
You are agile. (Dex +2)


Message History

Natasha, Servant of Life and Death comes into view.
You start resting.
You recover from your berserk rage.
Natasha hisses angrily.
Natasha casts a spell.
Natasha casts a spell at you.
You feel yourself slow down.
Natasha mumbles some strange words.
The white imp gestures at you. The puff of frost hits you!
* * * LOW HITPOINT WARNING * * *
Your skin crawls.
You feel resistant to hostile enchantments.
You are starving!
You eat one of the 2 rations.
That ration really hit the spot!
The white imp gestures at you. The puff of frost hits you!
* * * LOW HITPOINT WARNING * * *
The white imp gestures at you. The puff of frost hits you!
You die...

.. .## ... ## ...
... .# #.# #.#
#.# #.# #.#. #.#
#.# #.#.. #.# #.#
#.#....
#.##@##.#...h#
#.#5#.#.....#
#.#5#......#
..#.#.......#
.......#........#
....?..#......###
...8...#.....#.#
.8..)8###.)...##
.
.......#.))..#.#
..


You could see a crimson imp and a white imp.

Vanquished Creatures
  Natasha (D:2)
  4 gnolls (D:2)
  An adder (D:2)
  5 dart slugs
  A leopard gecko (D:1)
  2 giant cockroaches
  3 goblins
  4 hobgoblins
  4 kobolds
  A ball python (D:1)
  2 bats
  2 frilled lizards (D:1)
  4 rats
34 creatures vanquished.

Notes
Turn   | Place    | Note
-------+----------+-------------------------------------------
     0 | D:1      | FlowchartMassacre the Gnoll Berserker began the quest for the Orb.
     0 | D:1      | Reached XP level 1. HP: 23/23 MP: 1/1
   172 | D:1      | Reached XP level 2. HP: 29/29 MP: 2/2
   607 | D:2      | Reached XP level 3. HP: 35/35 MP: 3/3
   627 | D:2      | Noticed Natasha
   638 | D:2      | Killed Natasha
   638 | D:2      | Reached skill level 1 in Short Blades
   638 | D:2      | Reached skill level 1 in Long Blades
   638 | D:2      | Reached skill level 1 in Maces & Flails
   638 | D:2      | Reached skill level 1 in Polearms
   638 | D:2      | Reached skill level 1 in Staves
   638 | D:2      | Reached skill level 1 in Slings
   638 | D:2      | Reached skill level 1 in Bows
   638 | D:2      | Reached skill level 1 in Crossbows
   638 | D:2      | Reached skill level 1 in Throwing
   638 | D:2      | Reached skill level 1 in Stealth
   638 | D:2      | Reached skill level 1 in Shields
   638 | D:2      | Reached skill level 1 in Unarmed Combat
   638 | D:2      | Reached skill level 1 in Spellcasting
   638 | D:2      | Reached skill level 1 in Invocations
   638 | D:2      | Reached skill level 1 in Evocations
   644 | D:2      | Reached XP level 4. HP: 10/41 MP: 3/5
   654 | D:2      | Gained mutation: You are agile. (Dex +2) [potion of mutation]
   654 | D:2      | Gained mutation: You are partially covered in yellow scales. (AC +2) [potion of mutation]
   654 | D:2      | Gained mutation: You have supernaturally acute eyesight. (SInv) [potion of mutation]
   656 | D:2      | HP: 3/61 [poisoned by an adder]
   664 | D:2      | HP: 3/61 [poisoned by an adder]
   842 | D:2      | Reached ** piety under Trog
   844 | D:2      | Reached skill level 1 in Conjurations
   844 | D:2      | Reached skill level 1 in Hexes
   844 | D:2      | Reached skill level 1 in Charms
   844 | D:2      | Reached skill level 1 in Summonings
   844 | D:2      | Reached skill level 1 in Necromancy
   844 | D:2      | Reached skill level 1 in Translocations
   844 | D:2      | Reached skill level 1 in Transmutations
   844 | D:2      | Reached skill level 1 in Fire Magic
   844 | D:2      | Reached skill level 1 in Ice Magic
   844 | D:2      | Reached skill level 1 in Air Magic
   844 | D:2      | Reached skill level 1 in Earth Magic
   844 | D:2      | Reached skill level 1 in Poison Magic
   870 | D:2      | Noticed Natasha
   878 | D:2      | HP: 1/41 [white imp/puff of frost[Natasha] (11)]
   883 | D:2      | Killed from afar by a white imp

Vault maps used:
D:1:      eino_arrival_cavern_d
D:2:      wad_pebble_path, lemuel_blue_sif_altar, serial_curves, eino_curves_03,
          eino_curves_04, minivault_4, minmay_surrounded, uniq_natasha

Skill      XL: |  1  2  3  4 |
---------------+-------------+-----
Short Blades   | 1 |  1.2
Long Blades    | 1 |  1.2
Maces & Flails | 1 |  1.2
Polearms       | 1 |  1.2
Staves         | 1 |  1.2
Slings         | 1 |  1.2
Bows           | 1 |  1.2
Crossbows      | 1 |  1.2
Throwing       | 1 |  1.2
Stealth        | 1 |  1.2
Shields        | 1 |  1.2
Unarmed Combat | 1 |  1.2
Spellcasting   | 1 |  1.2
Invocations    | 1 |  1.4
Evocations     | 1 |  1.2
Conjurations   | 1 |  1.0
Hexes          | 1 |  1.0
Charms         | 1 |  1.0
Summonings     | 1 |  1.0
Necromancy     | 1 |  1.0
Translocations | 1 |  1.0
Transmutations | 1 |  1.0
Fire Magic     | 1 |  1.0
Ice Magic      | 1 |  1.0
Air Magic      | 1 |  1.0
Earth Magic    | 1 |  1.0
Poison Magic   | 1 |  1.0
Fighting       | |  6.6
Axes           | |  6.6
Armour         | |  4.7
Dodging        | |  4.7

Action                   |  1- 3 |  4- 6 || total
-------------------------+-------+-------++-------
Melee: Hand axe          |    65 |    20 ||    85
       Bite              |     6 |     2 ||     8
Invok: Berserk           |     1 |     1 ||     2
       Trog's Hand       |       |     1 ||     1
  Use: Potion            |       |     5 ||     5
 Stab: Sleeping          |     2 |       ||     2
  Eat: Ration            |       |     1 ||     1
Armor: Animal skin       |     6 |     4 ||    10
Dodge: Dodged            |    60 |    16 ||    76

Table legend:
 A = Spawn XP
 B = Non-spawn XP
 C = Spawn XP percentage of total XP
 D = Spawn monster count
 E = Non-spawn monster count
 F = Spawn count percentage of total count
 G = Total turns spent on level
                    A         B        C        D         E        F      G
               +---------+---------+-------+---------+---------+-------+---------
         Total |       0 |     164 |   0.0 |       0 |      34 |   0.0 |   883
               +---------+---------+-------+---------+---------+-------+---------
           D:1 |       0 |      31 |   0.0 |       0 |      18 |   0.0 |   584
           D:2 |       0 |     133 |   0.0 |       0 |      16 |   0.0 |   299
               +---------+---------+-------+---------+---------+-------+---------
